 Dungeon Sprint DCSS version 0.30-a0-847-g17996783a1 (webtiles) character file.

Game seed: 2264013449860395632

54 BigDaddyOpFi the Blocker (level 7, 0/63 HPs)
             Began as a Formicid Fighter on Mar 3, 2023.
             Was an Initiate of Okawaru.
             Slain by a wolf (4 damage)
             ... in the Dungeon (Sprint VI: "Thunderdome").
             The game lasted 00:02:25 (312 turns).

BigDaddyOpFi the Blocker (Formicid Fighter)          Turns: 312, Time: 00:02:25

Health: 0/63       AC:  8    Str: 24    XL:     7   Next: 26%
Magic:  10/10      EV: 14    Int:  8    God:    Okawaru [......]
Gold:   145        SH:  6    Dex: 13    Spells: 6/6 levels left

rFire   + . .      SeeInvis +    a - +0 war axe
rCold   . . .      Faith    +    c - +0 buckler
rNeg    + . .      Spirit   .    b - +0 scale mail
rPois   +          Reflect  .    (helmet unavailable)
rElec   .          Rampage  +    (no cloak)
rCorr   .                        (no gloves)
Will    ++...                    (no boots) Stlth
                                 n - amulet "Put-Me-On" {Faith Rampage *Slow rN+ Will++}
HPRegen 0.30/turn                e - ring of Muppa {rPois rF+ EV+5}
MPRegen 0.12/turn                o - ring "Uxumniri" {rPois Str+2}

@: no status effects
A: permanent stasis, dig shafts and tunnels, antennae 3, four strong arms
a: Dig, Renounce Religion


You were in the Dungeon.
You worshipped Okawaru.
Okawaru was noncommittal.
You visited 1 branch You collected 280 gold pieces.
You spent 135 gold pieces at shops.

Inventory:

Hand Weapons
 a - a +0 war axe (weapon)
Armour
 b - a +0 scale mail (worn)
 c - a +0 buckler (worn)
Jewellery
 e - the ring of Muppa (left hand) {rPois rF+ EV+5}
   (You bought it in a shop in the Dungeon)

   [ring of evasion]

   EV:        It affects your evasion (+5).
   rF:        It protects you from fire.
   rPois:     It protects you from poison.
 n - the amulet "Put-Me-On" (around neck) {Faith Rampage *Slow rN+ Will++}
   (You bought it in a shop in the Dungeon)

   [amulet of faith]

   It allows you to gain divine favour quickly.
   rN:        It protects you from negative energy.
   *Slow:     It may slow you when you take damage.
   Rampage:   It bestows one free step when moving towards enemies.
   Will:      It greatly increases your willpower.
 o - the ring "Uxumniri" (right hand) {rPois Str+2}
   (You bought it in a shop in the Dungeon)

   [ring of poison resistance]

   Str:       It affects your strength (+2).
   rPois:     It protects you from poison.
Wands
 j - a wand of quicksilver (5)
 k - a wand of iceblast (5)
Scrolls
 h - 4 scrolls of blinking
 m - 3 scrolls of fog
Potions
 g - 2 potions of magic
 i - 2 potions of resistance
 l - 2 potions of haste


   Skills:
 + Level 8.4 Fighting
 + Level 7.3 Axes
 + Level 8.4 Armour
 + Level 10.1 Shields
 + Level 4.0 Invocations


You had 6 spell levels left.
You didn't know any spells.
Your spell library was empty.

Dungeon Overview and Level Annotations

Branches:
Dungeon (1/1)

Altars:
Cheibriados
Dithmenos
Fedhas
Gozag
Kikubaaqudgha
Makhleb
Okawaru
Qazlal
Ru
Sif Muna
Trog
Uskayaw
Vehumet
Wu Jian
Xom
Yredelemnul
Zin
The Shining One
Lugonu

Shops:
D *[??*?*:[((!!!!

Annotations:
D Grum


Innate Abilities, Weirdness & Mutations

You cannot be hasted, slowed, berserked, paralysed or teleported.
You can dig through walls and to a lower floor.
You have a pair of large antennae on your head. (SInv)
Your four strong arms can wield two-handed weapons with a shield.


Message History

You block Grum's attack. You block the wolf's attack.
The wolf howls!
You hit the wolf but do no damage.
The wolf is heavily wounded.
The wolf closely misses you.
Grum hits you from afar with a +0 spear!
Your stasis prevents you from being slowed.
The wolf bites you but does no damage.
You barely miss the wolf.
The wolf is heavily wounded.
You block the wolf's attack.
Grum hits you from afar with a +0 spear!
You miss the wolf.
The wolf is heavily wounded.
The wolf bites you. Grum misses you. The wolf misses you.
You hit the wolf but do no damage.
The wolf is heavily wounded.
The wolf bites you but does no damage. Grum misses you.
The wolf pauses to sniff the ground.
The wolf misses you. The wolf barely misses you. You block Grum's attack.
You block the wolf's attack. The wolf bites you.
The wolf attacks as you move away! You block the wolf's attack.
The wolf bites you.
* * * LOW HITPOINT WARNING * * *
You feel much better. The wolf bites you! You block the wolf's attack.
The wolf misses you. Grum barely misses you.
It was a potion of haste.
Your stasis prevents you from being hasted.
The wolf closely misses you. The wolf misses you. The wolf bites you.
The wolf misses you. You block Grum's attack.
You closely miss the wolf. x2; You block the wolf's attack.
The wolf bites you. x2
The wolf bites you but does no damage.
Grum hits you from afar with a +0 spear!
* * * LOW HITPOINT WARNING * * *
You barely miss the wolf. You hit the wolf. 20... The wolf bites you!
* * * LOW HITPOINT WARNING * * *
The wolf bites you.
You die...

#⌠..........###.{.###..........⌠#
##.............###.............##
###∩........8.# #.8........∩###
##∩.__......###......___∩##
######.8.........8.######
#⌠...........⌠# ###..g......###
#_..hh..._# #_...@..._#
#_........# #∩.....(.∩#
##∩.....∩## ##.....## ##⌠⌠⌠##
#####


You could see Grum and 2 wolves.

Vanquished Creatures
  Grinder (D)
  3 kobold brigands (D)
  An iron imp (D)
  A shadow imp (D)
  3 ufetubi (D)
  A goblin (D)
  A jackal (D)
  A kobold (D)
12 creatures vanquished.

Notes
Turn   | Place    | Note
-------+----------+-------------------------------------------
     0 | D        | BigDaddyOpFi the Formicid Fighter began the quest for the
                  | Orb.
     0 | D        | Reached XP level 1. HP: 18/18 MP: 1/1
     5 | D        | Found a corrupted altar of Lugonu.
     5 | D        | Found a stormy altar of Qazlal.
     5 | D        | Round 1.
     6 | D        | Found a blossoming altar of Fedhas.
     7 | D        | Found a glowing golden altar of the Shining One.
     7 | D        | Found a shimmering altar of Xom.
     7 | D        | Found Piceul's Identification Station.
     8 | D        | Found Qame Rab's Jewellery.
     8 | D        | Found Sanueniu's Advanced Armour.
     9 | D        | Found an opulent altar of Gozag.
    10 | D        | Noticed a kobold brigand
    29 | D        | Killed a kobold brigand
    30 | D        | Reached skill level 5 in Fighting
    30 | D        | Reached skill level 5 in Armour
    30 | D        | Reached skill level 6 in Shields
    30 | D        | Reached XP level 2. HP: 25/27 MP: 2/2
    30 | D        | Reached XP level 3. HP: 31/33 MP: 3/3
    30 | D        | Reached XP level 4. HP: 37/39 MP: 4/4
    33 | D        | Bought a crude steel ring for 45 gold pieces
    33 | D        | Identified the ring of Muppa {rPois rF+ EV+5} (You bought
                  | it in a shop in the Dungeon)
    33 | D        | Bought a bound iron amulet for 45 gold pieces
    33 | D        | Identified the amulet "Put-Me-On" {Faith Rampage *Slow rN+
                  | Will++} (You bought it in a shop in the Dungeon)
    33 | D        | Bought a crude silver ring for 45 gold pieces
    33 | D        | Identified the ring "Uxumniri" {rPois Str+2} (You bought it
                  | in a shop in the Dungeon)
    54 | D        | Found a hide-covered altar of Uskayaw.
    55 | D        | Found a glowing silver altar of Zin.
    56 | D        | Found a bloodstained altar of Trog.
    56 | D        | Found Zythrial's Premium Goods.
    58 | D        | Found a basalt altar of Yredelemnul.
    58 | D        | Found a shimmering blue altar of Sif Muna.
    58 | D        | Found Sogapexu's Weapon Rack.
    58 | D        | Found Tukevire's Miscellaneous Merchandise.
    58 | D        | Found Qitatsi's Basic Armour.
    62 | D        | Found a radiant altar of Vehumet.
    63 | D        | Found an ancient bone altar of Kikubaaqudgha.
    83 | D        | Found an iron altar of Okawaru.
    85 | D        | Found Liycsicw's Do-It-Yourself Clinic.
    86 | D        | Found Iseutide's Bottled Wisdom.
    86 | D        | Found Aqupofoj's Distillery.
    87 | D        | Found a burning altar of Makhleb.
    87 | D        | Found an ornate altar of the Wu Jian Council.
    87 | D        | Found a shadowy altar of Dithmenos.
    87 | D        | Found Ivoluk's Distillery.
    88 | D        | Noticed a kobold brigand
    89 | D        | Noticed a kobold brigand
    91 | D        | Found a sacrificial altar of Ru.
    91 | D        | Found a snail-covered altar of Cheibriados.
    92 | D        | Found Zakom's Staff Store.
   101 | D        | Killed a kobold brigand
   102 | D        | Reached skill level 5 in Axes
   102 | D        | Reached skill level 7 in Shields
   102 | D        | Reached XP level 5. HP: 27/47 MP: 5/5
   102 | D        | Killed a kobold brigand
   102 | D        | Arena points: 12 (+12) [x2]
   103 | D        | Reached skill level 8 in Shields
   103 | D        | Reached XP level 6. HP: 32/55 MP: 6/6
   103 | D        | Found Luog's Magic Scroll Shop.
   120 | D        | Found Lum Qavu's Must-Have Magic.
   120 | D        | Found Puvury's Magic Scroll Shop.
   128 | D        | Round 2.
   161 | D        | Noticed Grinder
   162 | D        | Became a worshipper of Warmaster Okawaru
   212 | D        | Killed Grinder
   213 | D        | Reached skill level 10 in Shields
   213 | D        | Reached XP level 7. HP: 39/63 MP: 6/10
   218 | D        | Arena points: 54 (+42) [x3]
   275 | D        | Round 3.
   298 | D        | Noticed Grum
   312 | D        | Slain by a wolf

Illustrated notes

Levels and vault maps discovered:
D:        arena_sprint

Skill      XL: |  1  2  3  4  5  6 |
---------------+-------------------+-----
Fighting       | 5 6 7 8 |  8.4
Axes           | 4 5 6 7 |  7.3
Armour         | 5 6 7 8 |  8.4
Shields        | 6 7 8 10 | 10.1
Invocations    | 4 |  4.0

Action                     |  1- 3 |  4- 6 |  7- 9 || total
---------------------------+-------+-------+-------++-------
  Melee: War axe           |    13 |    47 |    16 ||    76
    Use: Potion            |     3 |     2 |     2 ||     7
 Armour: Scale mail        |       |    15 |     6 ||    21
  Dodge: Dodged            |     9 |    27 |    15 ||    51
  Block: Buckler           |     2 |    16 |    12 ||    30

Table legend: (Time is in decaauts)
 A = Elapsed time spent in this place.
 B = Non-inter-level travel time spent in this place.
 C = Inter-level travel time spent in this place.
 D = Time resting spent in this place.
 E = Time spent auto-exploring this place.
 F = Levels seen in this place.
 G = Mean time per level.
                   A        B        C        D        E       F      G
               +--------+--------+--------+--------+--------+-----+--------+
         Total |    329 |    329 |      0 |     47 |      6 |   1 |  329.0 |
       Dungeon |    329 |    329 |      0 |     47 |      6 |   1 |  329.0 |
               +--------+--------+--------+--------+--------+-----+--------+

Top non-repeatable levels by time:
       D: 329 daAuts
